 Dungeon Crawl Stone Soup version 0.25-a0-1133-g93ebf739aa (webtiles) character file.

Game seed: 4858734323484371741, levelgen mode: deterministic

62675 joppa the Fighter (level 15, -1/158 HPs)
             Began as an Ogre Arcane Marksman on May 22, 2020.
             Was a High Priest of Ashenzari.
             Slain by a komodo dragon (25 damage)
             ... on level 6 of the Lair of Beasts.
             The game lasted 01:40:09 (29606 turns).

joppa the Fighter (Ogre Arcane Marksman)           Turns: 29606, Time: 01:40:10

Health: -1/158     AC:  9    Str: 25    XL:     15   Next: 7%
Magic:  20/20      EV: 14    Int: 23    God:    Ashenzari [*****.]
Gold:   556        SH: 13    Dex: 13    Spells: 2/21 levels left

rFire    . . .     SeeInvis +   t - +6 long sword of Hacking and Slashing {vorpal, Str+5 Dex+4} (curse)
rCold    . . .     Gourm    .   H - +0 kite shield (curse)
rNeg     . . .     Faith    .   S - +0 troll leather armour (curse)
rPois    .         Spirit   .   e - +2 hat {SInv} (curse)
rElec    .         Reflect  .   N - +1 cloak (curse)
rCorr    .         Harm     .   (gloves unavailable)
MR       ++...     Clarity  +   (boots unavailable)
Stlth    +.........             (no amulet)
HPRegen  0.76/turn              W - ring of protection from magic
MPRegen  0.17/turn              C - +6 ring of intelligence

@: very slightly contaminated
A: large, unfitting armour, tough skin 1
a: Curse Item, Scrying, Transfer Knowledge, Renounce Religion


You were on level 6 of the Lair of Beasts.
You worshipped Ashenzari.
Ashenzari was extremely pleased with you.
You were not hungry.

You visited 3 branches of the dungeon, and saw 19 of its levels.

You collected 1743 gold pieces.
You spent 1187 gold pieces at shops.

Inventory:

Hand Weapons
 t - the cursed +6 long sword of Hacking and Slashing (weapon) {vorpal, Str+5 Dex+4}
   (You bought it in a shop on level 11 of the Dungeon)

   It inflicts extra damage upon your enemies.
   It affects your strength (+5).
   It affects your dexterity (+4).
   It has a curse placed upon it.
Missiles
 d - 5 throwing nets
 x - 26 boomerangs
 y - 14 large rocks (quivered)
 D - 31 poisoned darts
 V - 7 javelins
Armour
 e - a cursed +2 hat of see invisible (worn)
 H - a cursed +0 kite shield (worn)
 N - a cursed +1 cloak (worn)
 S - a cursed +0 troll leather armour (worn)
Jewellery
 v - an uncursed ring of protection from fire
 C - a +6 ring of intelligence (right hand)
 F - an uncursed ring of positive energy
 J - an uncursed ring of protection from cold
 W - a ring of protection from magic (left hand)
Wands
 c - a wand of random effects (26)
 g - a wand of acid (11)
 o - a wand of paralysis (9)
 p - a wand of iceblast (6)
 w - a wand of enslavement (5)
 B - a wand of flame (35)
Scrolls
 a - 4 scrolls of identify
 b - a scroll of blinking
 j - 2 scrolls of enchant armour
 l - 3 scrolls of fog
 n - 5 scrolls of enchant weapon
 q - 9 scrolls of teleportation
 A - 4 scrolls of magic mapping
 K - a scroll of amnesia {unknown}
 L - 3 scrolls of random uselessness {unknown}
 P - a scroll of immolation {unknown}
 U - a scroll of remove curse
Potions
 h - 2 potions of berserk rage {unknown}
 i - a potion of mutation {unknown}
 m - 4 potions of lignification
 r - 16 potions of curing
 s - 2 potions of flight
 u - 2 potions of might
 z - 3 potions of heal wounds
 E - a potion of stabbing
 I - 3 potions of haste {unknown}
 M - 2 potions of degeneration {unknown}
 Q - 2 potions of invisibility
 R - 2 potions of brilliance {unknown}
Miscellaneous
 O - a phial of floods
Comestibles
 f - 26 rations
 k - 5 chunks of flesh


   Skills:
 - Level 12.8 Fighting
 - Level 10.3(14.1) Long Blades
   Level 0.6 Maces & Flails
   Level 0.5 Polearms
 + Level 12.3 Throwing
 - Level 5.4(9.4) Dodging
 - Level 10.2(12.6) Shields
 - Level 3.8 Spellcasting
 - Level 8.6 Hexes
 - Level 1.0 Translocations
 - Level 7.0 Evocations


You had 2 spell levels left.
You knew the following spells:

 Your Spells              Type           Power        Failure   Level  Hunger
a - Corona                Hex            #####..      1%          1    None
b - Slow                  Hex            #####...     1%          2    #......
c - Portal Projectile     Hex/Tloc       ####..       4%          3    ###....
d - Cause Fear            Hex            #####.....   3%          4    ####...
e - Summon Small Mammal   Summ           #...         12%         1    None
f - Inner Flame           Hex/Fire       ###.....     6%          3    ###....
g - Apportation           Tloc           #.....       9%          1    None
h - Summon Butterflies    Summ           #.......     12%         1    None
i - Confusing Touch       Hex            #####...     1%          3    ###....

Your spell library contained the following spells:

 Spells                   Type           Power        Failure   Level  Hunger
 Animate Skeleton         Necr           N/A          12%         1    None
 Sting                    Tmut/Pois      #...         12%         1    None
 Poisonous Vapours        Pois/Air       #.....       19%         2    #......
 Leda's Liquefaction      Hex/Erth       ###.......   21%         4    ####...
 Gell's Gravitas          Tloc           #.........   24%         3    ###....
 Call Canine Familiar     Summ           #.......     36%         3    ###....
 Ignite Poison            Fire/Tmut/Pois #.......     36%         3    ###....
 Mephitic Cloud           Conj/Pois/Air  #.......     36%         3    ###....
 Metabolic Englaciation   Hex/Ice        ###.......   50%         5    ######.
 Summon Mana Viper        Hex/Summ       ###.....     50%         5    ######.
 Yara's Violent Unravell  Hex/Tmut       ###.......   50%         5    ######.
 Olgreb's Toxic Radiance  Pois           #.......     77%         4    ####...
 Petrify                  Tmut/Erth      #.......     77%         4    ####...
 Summon Ice Beast         Ice/Summ       #.......     77%         4    ####...
 Summon Hydra             Summ           #.........   100%        7    #######


Dungeon Overview and Level Annotations

Branches:
Dungeon (11/15)            Temple (0/1) D:7            Lair (6/6) D:10
  Swamp (0/4) Lair:4        Snake (0/4) Lair:4        Slime (0/5) Lair:5
    Orc (2/2) D:11            Elf (0/3) Orc:2

Altars:
Ashenzari
Dithmenos
Elyvilon
Gozag
Hepliaklqana
Kikubaaqudgha
Makhleb
Nemelex Xobeh
Okawaru
Qazlal
Ru
Trog
Uskayaw
Vehumet
Yredelemnul
Beogh

Shops:
D:5 !   D:8 *   D:11 (   Orc:1 %?!}   Orc:2 *}[:

Annotations:
D:4 3 runed translucent doors, Necrophagist's ghost, novice DsFi


Innate Abilities, Weirdness & Mutations

You are too large for most types of armour.
You have tough skin. (AC +1)


Message History

You closely miss the wyvern.
The wyvern is lightly wounded.
You block the wyvern's attack.
You closely miss the wyvern.
The wyvern is lightly wounded.
You block the wyvern's attack.
You hit the wyvern.
The wyvern is lightly wounded.
The wyvern misses you.
You riposte.
You slash the wyvern!
The wyvern is heavily wounded.
You barely miss the wyvern.
The wyvern is heavily wounded.
The wyvern barely misses you.
You riposte.
You hit the wyvern.
The wyvern is severely wounded.
You slash the wyvern!
You kill the wyvern!
You hit the komodo dragon.
The komodo dragon is severely wounded.
The komodo dragon bites you!!
You die...

#≈≈##≈≈.#≈≈.#≈†##≈≈##≈≈......##
.≈≈#.≈≈##≈≈##≈≈##≈≈##≈≈##....P#
≈.≈≈≈≈≈≈...≈≈≈.≈....P≈≈≈≈....##
.PP.≈....#≈P.≈...........(....##
......##.#######......##.##.÷..##
......#### ####...#.P######..÷.#
...#...# #.....##### #....#
.####..# #.).#l# ###... ..####.#
##.<.@## #.... ....#### ###...###
##.#. ......####P..#..# ##..
.........P...#### ###
.......P...#.###
÷..P......####.## ###
....PPP....####.# #.#
....#P..#####...#### ###..
.........# #...#..# ###.#..


You could see a komodo dragon.

Vanquished Creatures
  An orc warlord (Orc:1)
  Azrael (Orc:2)
  The ghost of ohados the Martial Artist, a journeyman OpTm of Okawaru (Lair:4)
  An ettin (Orc:2)
  Josephine (D:11)
  4 hydras
  A catoblepas (Lair:4)
  A merfolk avatar (Lair:6)
  2 ogre magi (Orc:2)
  3 death yaks (D:10)
  10 two-headed ogres
  Urug (Lair:1)
  A swamp dragon (Lair:4)
  2 deep trolls (Orc:2)
  An orc knight (Orc:2)
  Pikel (D:7)
  3 cyclopes
  6 elephants
  4 orc sorcerers
  An ugly thing (D:11)
  A manticore (Lair:6)
  A black mamba (Lair:1)
  7 spiny frogs
  2 rime drakes
  8 komodo dragons
  11 trolls
  6 polar bears
  A wind drake (Lair:6)
  A hornet (Lair:6)
  Grinder (D:3)
  5 hippogriffs
  23 blink frogs
  3 slime creatures (D:7)
  3 wraiths (D:11)
  35 yaks
  3 wyverns
  2 basilisks (Lair:3)
  A human (D:7)
  2 hungry ghosts (D:9)
  4 hogs (D:7)
  6 fire elementals (Orc:2)
  Menkaure (D:5)
  8 nagas (Lair:4)
  A warg (Orc:2)
  2 hell hounds
  12 water moccasins
  5 ice beasts
  6 porcupines
  A phantom (D:7)
  20 orc warriors
  A black bear (D:8)
  A sky beast (D:10)
  27 ogres
  2 centaurs (D:8)
  5 wolves (Lair:1)
  8 crocodiles
  5 big kobolds
  9 bullfrogs
  6 gnoll sergeants
  A water moccasin skeleton (D:4)
  3 scorpions
  4 electric eels
  5 wights
  2 howler monkeys
  A bullfrog zombie (D:6)
  6 crimson imps
  7 hounds
  9 jellies
  11 orc priests
  Crazy Yiuf (D:6)
  4 bullfrog skeletons
  19 orc wizards
  2 centaur skeletons
  4 iguanas
  11 worker ants
  A hound skeleton (D:8)
  A howler monkey zombie (D:8)
  A worker ant zombie (D:5)
  A howler monkey skeleton (D:5)
  17 gnolls
  6 adders
  A shadow imp (D:8)
  5 oozes
  An adder zombie (D:5)
  2 worms
  4 dart slugs
  5 leopard geckos
  75 orcs
  A ball python (D:2)
  3 giant cockroaches
  7 goblins
  3 hobgoblins
  7 jackals
  14 kobolds
  A quokka (D:9)
  7 bats
  6 frilled lizards
  2 leopard gecko zombies
  A quokka skeleton (D:6)
  6 rats
  A fungus (D:6)
  A plant (Lair:6)
562 creatures vanquished.

Vanquished Creatures (collateral kills)
  A wraith (D:11)
1 creature vanquished.

Vanquished Creatures (others)
  A spiny frog (Lair:5)
  2 slaves (D:7)
  A big kobold (D:7)
  An orc priest (Orc:2)
  3 oozes (D:7)
  6 kobolds (D:7)
  30 fungi
  21 plants
  5 toadstools (D:7)
70 creatures vanquished.

Grand Total: 633 creatures vanquished

Notes
Turn   | Place    | Note
-------+----------+-------------------------------------------
     0 | D:1      | joppa the Ogre Arcane Marksman began the quest for the Orb.
     0 | D:1      | Reached XP level 1. HP: 19/19 MP: 2/2
   187 | D:1      | Reached XP level 2. HP: 27/28 MP: 3/3
  1129 | D:2      | Reached XP level 3. HP: 37/37 MP: 4/4
  1137 | D:2      | Learned a level 2 spell: Slow
  1700 | D:2      | Found a sparkling altar of Nemelex Xobeh.
  1827 | D:3      | Noticed Grinder
  2052 | D:2      | Reached XP level 4. HP: 24/49 MP: 5/5
  2473 | D:3      | Found a faded altar of an unknown god.
  2568 | D:3      | Reached XP level 5. HP: 49/55 MP: 6/6
  2665 | D:3      | Found a stormy altar of Qazlal.
  2685 | D:3      | You fall into a shaft and drop 1 floor!
  2813 | D:4      | Reached skill level 1 in Maces & Flails
  2878 | D:4      | Reached XP level 6. HP: 63/63 MP: 5/7
  2935 | D:4      | Found a runed translucent gate.
  2935 | D:4      | Found a runed translucent gate.
  2935 | D:4      | Found a runed translucent gate.
  2940 | D:4      | Found an opulent altar of Gozag.
  2942 | D:4      | Noticed Necrophagist's ghost (novice DsFi)
  3373 | D:4      | Found a burning altar of Makhleb.
  3484 | D:4      | Reached skill level 5 in Throwing
  3484 | D:4      | Reached XP level 7. HP: 71/71 MP: 8/8
  3878 | D:3      | Paralysed by Grinder for 3 turns
  3883 | D:3      | Killed Grinder
  3883 | D:3      | Reached skill level 5 in Fighting
  4151 | D:3      | Learned a level 3 spell: Portal Projectile
  4156 | D:3      | Learned a level 4 spell: Cause Fear
  4261 | D:5      | Entered Level 5 of the Dungeon
  4373 | D:5      | Reached XP level 8. HP: 76/80 MP: 11/11
  4815 | D:5      | Found Qefut's Distillery.
  4824 | D:5      | Bought a potion of curing for 39 gold pieces
  4824 | D:5      | Bought 2 potions of curing for 78 gold pieces
  4824 | D:5      | Bought a potion of heal wounds for 65 gold pieces
  4861 | D:5      | Reached skill level 1 in Translocations
  4875 | D:5      | Found a hazy altar of Hepliaklqana.
  4876 | D:5      | Found a hide-covered altar of Uskayaw.
  4877 | D:5      | Found a basalt altar of Yredelemnul.
  4877 | D:5      | Found a white marble altar of Elyvilon.
  4877 | D:5      | Found an iron altar of Okawaru.
  4878 | D:5      | Found a shattered altar of Ashenzari.
  4878 | D:5      | Found a bloodstained altar of Trog.
  4878 | D:5      | Noticed Menkaure
  4908 | D:5      | Killed Menkaure
  4908 | D:5      | Reached skill level 5 in Hexes
  5179 | D:5      | Found a shadowy altar of Dithmenos.
  5189 | D:5      | Became a worshipper of Ashenzari the Shackled
  5662 | D:5      | Reached skill level 5 in Maces & Flails
  6088 | D:6      | Learned a level 1 spell: Summon Small Mammal
  6613 | D:6      | Reached XP level 9. HP: 22/88 MP: 13/13
  7192 | D:6      | Reached skill level 1 in Evocations
  7221 | D:6      | Found a shattered altar of Ashenzari.
  7724 | D:6      | Found a runed translucent door.
  7725 | D:6      | Noticed Crazy Yiuf
  7745 | D:6      | Killed Crazy Yiuf
  8081 | D:7      | Reached * piety under Ashenzari
  8504 | D:7      | Found a staircase to the Ecumenical Temple.
  8603 | D:7      | Noticed Pikel
  8636 | D:7      | Paralysed by Pikel for 6 turns
  8642 | D:7      | Killed Pikel
  8642 | D:7      | Reached skill level 5 in Evocations
  9195 | D:7      | Reached XP level 10. HP: 89/96 MP: 14/14
 10303 | D:8      | Found Qusahog's General Store.
 10429 | D:8      | Bought a scroll of remove curse for 45 gold pieces
 10429 | D:8      | Bought a scroll of identify for 30 gold pieces
 10786 | D:8      | Reached ** piety under Ashenzari
 11033 | D:8      | Noticed a two-headed ogre
 11041 | D:8      | Killed a two-headed ogre
 12003 | D:9      | Noticed a two-headed ogre
 12186 | D:9      | Reached *** piety under Ashenzari
 12496 | D:9      | Killed a two-headed ogre
 12496 | D:9      | Reached XP level 11. HP: 109/109 MP: 16/16
 12732 | D:9      | Found a sparkling altar of Nemelex Xobeh.
 12735 | D:9      | Found a radiant altar of Vehumet.
 12949 | D:9      | HP: 5/109 [water moccasin (8)]
 13699 | D:10     | Entered Level 10 of the Dungeon
 13699 | D:10     | Noticed a death yak
 13699 | D:10     | Noticed a death yak
 13924 | D:10     | Found a sacrificial altar of Ru.
 14179 | D:10     | Noticed a death yak
 14207 | D:10     | Killed a death yak
 14217 | D:10     | Killed a death yak
 14220 | D:10     | Reached skill level 10 in Fighting
 14871 | D:10     | Learned a level 3 spell: Inner Flame
 15191 | D:10     | Killed a death yak
 15191 | D:10     | Reached skill level 5 in Dodging
 15551 | D:10     | Found a staircase to the Lair.
 15560 | D:10     | Reached **** piety under Ashenzari
 16309 | D:11     | Noticed a cyclops
 16313 | D:11     | Killed a cyclops
 16410 | D:11     | Learned a level 1 spell: Apportation
 16424 | D:11     | Found a staircase to the Orcish Mines.
 16735 | D:11     | Noticed Josephine
 16887 | D:11     | Reached XP level 12. HP: 130/130 MP: 17/17
 17197 | D:11     | Found Pythas's Weapon Boutique.
 17244 | D:11     | Killed Josephine
 17984 | D:11     | Reached skill level 1 in Shields
 18397 | D:11     | Noticed a five-headed hydra
 18406 | D:11     | Killed a five-headed hydra
 18795 | Lair:1   | Entered Level 1 of the Lair of Beasts
 18913 | Lair:1   | Noticed Urug
 18932 | Lair:1   | Killed Urug
 18932 | Lair:1   | Reached skill level 5 in Shields
 19063 | Lair:1   | Noticed a four-headed hydra
 19069 | Lair:1   | Killed a four-headed hydra
 19715 | Lair:1   | Reached skill level 10 in Throwing
 20163 | Lair:2   | Reached XP level 13. HP: 109/137 MP: 12/18
 20633 | Lair:2   | Reached ***** piety under Ashenzari
 20959 | Orc:1    | Entered Level 1 of the Orcish Mines
 20959 | Orc:1    | Found Ytsuv's Magic Scroll Shoppe.
 20959 | Orc:1    | Found Lulozal's Jewellery Shoppe.
 20976 | Orc:1    | Found Nuhor's Distillery.
 21151 | Orc:1    | Found Zorress's Food Shoppe.
 21161 | Orc:1    | Found a roughly hewn altar of Beogh.
 21311 | Orc:1    | Found Linuluwk's Gadget Shop.
 21410 | Orc:2    | Entered Level 2 of the Orcish Mines
 21410 | Orc:2    | Found a staircase to the Elven Halls.
 21410 | Orc:2    | Noticed an ettin
 21463 | Orc:2    | Killed an ettin
 21964 | Orc:2    | Noticed Azrael
 22182 | Orc:2    | Killed Azrael
 24059 | Orc:2    | Noticed an ogre mage
 24060 | Orc:2    | Reached skill level 10 in Shields
 24069 | Orc:2    | Killed an ogre mage
 24069 | Orc:2    | Reached XP level 14. HP: 91/150 MP: 15/19
 24095 | Orc:1    | Reached skill level 1 in Long Blades
 24492 | Orc:2    | Found Duhitei's Book Boutique.
 24494 | Orc:2    | Found Hoeziuh's Antique Armour Emporium.
 24502 | Orc:2    | Found Tut Ynt's Gadget Shop.
 24503 | Orc:2    | Found Uskor's General Store.
 24521 | Orc:2    | Noticed an orc warlord
 24907 | Orc:1    | Killed an orc warlord
 25077 | Orc:2    | Reached skill level 5 in Long Blades
 25174 | Orc:2    | Bought a potion of invisibility for 136 gold pieces
 25429 | D:11     | Bought the +6 long sword of Hacking and Slashing {vorpal,
                  | Str+5 Dex+4} for 794 gold pieces
 25779 | Lair:3   | Identified the +5 dagger of Sumeyxi {vorpal, rPois}
 26180 | Lair:3   | Reduced skill Maces & Flails to level 5
 26411 | Lair:3   | Learned a level 1 spell: Summon Butterflies
 26853 | Lair:4   | Found a runed translucent gate.
 26853 | Lair:4   | Found a runed translucent gate.
 26854 | Lair:4   | Found a runed translucent gate.
 26854 | Lair:4   | Noticed ohados's ghost (journeyman OpTm)
 26902 | Lair:4   | Found a staircase to the Swamp.
 27315 | Lair:4   | Found a staircase to the Snake Pit.
 27795 | Lair:4   | Killed ohados's ghost
 28264 | Lair:5   | Learned a level 3 spell: Confusing Touch
 28496 | Lair:5   | Found a staircase to the Slime Pits.
 28682 | Lair:6   | Entered Level 6 of the Lair of Beasts
 28819 | Lair:6   | Reached skill level 10 in Long Blades
 28828 | Lair:6   | Reduced skill Maces & Flails to level 1
 29101 | Lair:6   | Found an ancient bone altar of Kikubaaqudgha.
 29259 | Lair:6   | Reached XP level 15. HP: 97/158 MP: 20/20
 29606 | Lair:6   | Slain by a komodo dragon

Illustrated notes

Levels and vault maps discovered:
D:1:      arrival_zaba_pyramid, layout_loops_corners, st_stairs_3
D:2:      layout_basic, nemelex_diamond_rough_becter
D:3:      layout_basic, lemuel_doored_altar,
          chequers_ecumenical_altar_simple_redux, uniq_grinder
D:4:      layout_rooms, makhleb_grotto_becter, ebering_ghost_gozag
D:5:      layout_loops_ring, grunt_temple_overflow_open, first_ration,
          serial_shops, shop, minivault_24, uniq_menkaure
D:6:      layout_basic, basic_altar, uniq_crazy_yiuf_cottage
D:7:      cheibrodos_fertilizer, layout_basic, temple_fountains,
          hangedman_glass_teeth, grunt_livestock, uniq_pikel
D:8:      layout_cave_pods, serial_shops, shop, serial_column_ruins,
          column_ruins_hut, column_ruins_columns_corner,
          column_ruins_open_small, column_ruins_open_small,
          column_ruins_columns_straight, column_ruins_columns_corner
D:9:      layout_layer_cave, minitemple, fountainhead
D:10:     layout_basic, dpeg_lair_monsters, nicolae_ru_sacrificial_ziggurat
D:11:     layout_loops_ring, kennysheep_orc_monster_closet_entryway,
          serial_shops, nicolae_shop_temple_entry_statues_fountains,
          uniq_josephine
Lair:1:   layout_loops_ring, uniq_urug
Lair:2:   layout_long_grid
Lair:3:   layout_misc_corridors, nicolae_quartered_pool_super,
          infiniplex_staircase_pool
Lair:4:   layout_gridlike, minmay_swamp_entry_reptiles,
          minmay_snake_entry_guardpost_large, ebering_ghost_rock_garden,
          grunt_megastairs_2, serial_bayou_shore_b
Lair:5:   layout_misc_corridors, nicolae_slime_entry_slimehenge,
          lemuel_fruit_fields
Lair:6:   gammafunk_lair_ancient_temple, layout_cave_pods, basic_altar,
          serial_bayou_shore_b
Orc:1:    layout_caves, basic_altar, serial_shops, shop, shop,
          nicolae_shop_crystal, shop, shop
Orc:2:    st_orc_open, layout_caves, uniq_azrael

Skill      XL: |  1  2  3  4  5  6  7  8  9 10 11 12 13 14 |
---------------+-------------------------------------------+-----
Hexes          | 3 4 5 6 8 |  8.6
Fighting       | 2 3 4 5 7 11 12 | 12.8
Throwing       | 3 4 5 6 8 10 11 12 | 12.3
Maces & Flails | 2 3 5 6 7 0 |  0.6
Spellcasting   | 2 3 |  3.8
Translocations | 1 |  1.0
Evocations     | 6 7 |  7.0
Dodging        | 4 5 |  5.4
Shields        | 6 10 | 10.2
Long Blades    | 10 | 10.3
Polearms       | |  0.5

Action                   |  1- 3 |  4- 6 |  7- 9 | 10-12 | 13-15 || total
-------------------------+-------+-------+-------+-------+-------++-------
Melee: Club              |    62 |       |       |       |       ||    62
       Mace              |    88 |   107 |   367 |       |       ||   562
       Quarterstaff      |       |       |    45 |   480 |       ||   525
       Flail             |       |       |       |   185 |   403 ||   588
       Long sword        |       |       |       |       |   368 ||   368
Throw: Large rock        |    12 |    16 |    27 |    42 |   162 ||   259
       Throwing net      |       |     2 |       |     1 |     2 ||     5
       Boomerang         |       |       |     6 |     6 |     1 ||    13
       Dart              |       |       |    39 |    90 |    23 ||   152
       Javelin           |       |       |       |    41 |    53 ||    94
 Cast: Corona            |       |     3 |    12 |       |       ||    15
       Portal Projectile |       |       |     9 |    12 |    38 ||    59
       Slow              |       |       |     3 |     5 |       ||     8
       Cause Fear        |       |       |       |       |     7 ||     7
Invok: Curse Item        |       |       |     2 |     2 |     2 ||     6
       Transfer Knowledg |       |       |       |       |     2 ||     2
Evoke: Wand              |       |     1 |     7 |    14 |    14 ||    36
       Phial of floods   |       |       |       |     1 |       ||     1
  Use: Scroll            |       |       |     6 |     5 |     6 ||    17
       Potion            |       |       |       |     3 |     1 ||     4
 Stab: Sleeping          |     1 |       |       |       |     2 ||     3
       Paralysed         |       |       |       |     9 |       ||     9
  Eat: Chunk             |     3 |     6 |    18 |    36 |    30 ||    93
       Ration            |       |       |       |     2 |     2 ||     4
Armor: Robe              |    76 |    67 |   204 |   120 |       ||   467
       Troll leather arm |       |       |       |    39 |   180 ||   219
       Skin              |       |       |       |     2 |       ||     2
Dodge: Dodged            |   113 |    68 |   226 |   358 |   419 ||  1184
Block: Kite shield       |       |       |       |    97 |   542 ||   639
       Rpst.: Long sword |       |       |       |       |    43 ||    43

Table legend:
 A = Non-vault XP
 B = Vault XP
 C = Vault XP percentage of total XP
 D = Non-vault monster count
 E = Vault monster count
 F = Vault count percentage of total count
                 A         B        C        D         E       F
            +---------+---------+-------+---------+---------+-------
      Total |   51620 |   37916 |  42.3 |     429 |     132 |  23.5
            +---------+---------+-------+---------+---------+-------
        D:1 |      29 |       4 |  12.1 |      17 |       2 |  10.5
        D:2 |      91 |       0 |   0.0 |      22 |       0 |   0.0
        D:3 |     111 |     277 |  71.4 |      16 |       1 |   5.9
        D:4 |     547 |      48 |   8.1 |      20 |       1 |   4.8
        D:5 |     794 |     169 |  17.5 |      23 |       1 |   4.2
        D:6 |     669 |      42 |   5.9 |      24 |       1 |   4.0
        D:7 |    1070 |    2279 |  68.1 |      15 |      13 |  46.4
        D:8 |    2312 |       0 |   0.0 |      27 |       0 |   0.0
        D:9 |    2408 |       0 |   0.0 |      20 |       0 |   0.0
       D:10 |    3208 |    3508 |  52.2 |      39 |       8 |  17.0
       D:11 |    3229 |    2700 |  45.5 |      23 |      24 |  51.1
     Lair:1 |    5772 |     855 |  12.9 |      24 |       1 |   4.0
     Lair:2 |    3718 |       0 |   0.0 |      15 |       0 |   0.0
     Lair:3 |    4561 |       0 |   0.0 |      18 |       0 |   0.0
     Lair:4 |    2966 |    4577 |  60.7 |      14 |      15 |  51.7
     Lair:5 |    4585 |     103 |   2.2 |      15 |       5 |  25.0
     Lair:6 |    6062 |    4922 |  44.8 |      21 |      14 |  40.0
      Orc:1 |    5055 |    4981 |  49.6 |      37 |      12 |  24.5
      Orc:2 |    4433 |   13451 |  75.2 |      39 |      34 |  46.6
            +---------+---------+-------+---------+---------+-------
